 Dungeon Crawl Stone Soup version 0.25.1-2-g60ff931df9 (webtiles) character file.

Game seed: 8696654829042396765

78 DildoBatman the Conjurer (level 4, -6/30 HPs)
             Began as a Formicid Wizard on Aug 5, 2020.
             Was a Follower of Kikubaaqudgha.
             Killed from afar by an orc wizard (10 damage)
             ... with a magic dart
             ... on level 3 of the Dungeon.
             The game lasted 00:05:15 (2545 turns).

DildoBatman the Conjurer (Formicid Wizard)          Turns: 2545, Time: 00:05:15

Health: -6/30      AC:  3    Str: 11    XL:     4   Next: 61%
Magic:  1/8        EV: 12    Int: 19    God:    Kikubaaqudgha [*.....]
Gold:   139        SH:  0    Dex:  9    Spells: 2/9 levels left

rFire    . . .     SeeInvis +   f - +0 club
rCold    . . .     Gourm    .   (no shield)
rNeg     . . .     Faith    .   a - +0 robe
rPois    .         Spirit   .   (helmet unavailable)
rElec    .         Reflect  .   (no cloak)
rCorr    .         Harm     .   j - +0 pair of gloves
MR       .....                  (no boots)
Stlth    ++........             (no amulet)
HPRegen  0.10/turn              (no ring)
MPRegen  0.11/turn              (no ring)

@: lethally poisoned (-6 -> -7), very slightly contaminated
A: permanent stasis, dig shafts and tunnels, four strong arms, antennae 3
a: Dig, Shaft Self, Receive Corpses, Renounce Religion


You were on level 3 of the Dungeon.
You worshipped Kikubaaqudgha.
Kikubaaqudgha was aware of your devotion.
You were not hungry.

You visited 1 branch of the dungeon, and saw 3 of its levels.

You collected 139 gold pieces.

Inventory:

Hand Weapons
 f - a +0 club (weapon)
Missiles
 c - 49 arrows
 d - 112 stones (quivered)
 n - 9 sling bullets
Armour
 a - a +0 robe (worn)
 j - a +0 pair of gloves (worn)
Scrolls
 b - 4 scrolls of magic mapping {unknown}
 e - 2 scrolls of teleportation {unknown}
 g - 2 scrolls of identify {unknown}
 i - a scroll of noise {unknown}
 k - a scroll of enchant armour {unknown}
 m - a scroll of fear {unknown}
 p - a scroll of amnesia {unknown}
Potions
 h - a potion of degeneration {unknown}
 l - a potion of lignification {unknown}
 o - 2 potions of brilliance {unknown}
 r - 2 potions of stabbing {unknown}
Comestibles
 q - 2 chunks of flesh
 v - 5 rations


   Skills:
 - Level 1.7 Dodging
 - Level 2.4 Stealth
 - Level 3.2 Spellcasting
 * Level 3.7 Conjurations
   Level 1.0 Summonings
   Level 0.8 Translocations


You had 2 spell levels left.
You knew the following spells:

 Your Spells              Type           Power        Failure   Level  Hunger
a - Conjure Flame         Conj/Fire      ##......     21%         3    ###....
c - Magic Dart            Conj           ###.         3%          1    None
e - Mephitic Cloud        Conj/Pois/Air  #.......     26%         3    ###....

Your spell library contained the following spells:

 Spells                   Type           Power        Failure   Level  Hunger
 Pain                     Necr           #...         16%         1    None
 Call Imp                 Summ           #.......     16%         2    ##.....
 Corpse Rot               Necr/Air       N/A          22%         2    ##.....
 Slow                     Hex            #.......     22%         2    ##.....
 Sublimation of Blood     Necr           #.........   22%         2    ##.....
 Vampiric Draining        Necr           #.........   41%         3    ###....
 Blink                    Tloc           Unusable     N/A         2    N/A

Dungeon Overview and Level Annotations

Branches:
Dungeon (3/15)

Altars:
Ashenzari
Cheibriados
Hepliaklqana
Kikubaaqudgha
Okawaru
Qazlal
Sif Muna


Innate Abilities, Weirdness & Mutations

You cannot be hasted, slowed, berserked, paralysed or teleported.
You can dig through walls and to a lower floor.
Your four strong arms can wield two-handed weapons with a shield.
You have a pair of large antennae on your head. (SInv)


Message History

You extend your mandibles.
You dig through the rock wall.
You feel sick.
The orc wizard gestures wildly while chanting.
The orc wizard seems to speed up.
The orc hits you but does no damage.
You dig through the rock wall.
You dig through the rock wall.
The orc wizard mumbles some strange words.
The orc wizard blinks!
The orc wizard casts a spell at you. The magic dart hits you.
You retract your mandibles.
The orc wizard gestures at you while chanting.
The magic dart hits you.
You feel sick.
The orc wizard points at you and mumbles some strange words.
The magic dart hits you!
You die...
Kikubaaqudgha rasps: "You have failed me!
Welcome... death!"

#..## #.#.## ##)..# #{....
#....# ##...## ##...###
###{...# ### #.....# ##......#
#.# #####.######.o.....# #.##
### #...†..........# #..#
#.########..######.#.####
##..####.#......@..# #....#
...........#.####.o## ###..#
###.####.....# #.#.## #..# #
#.# #.###.####o##.######..####
# #.#
#.##.......[.............. #
#.####.##..#########§......####
# #>.........# ######..# #
######.###.# #########..####
########.#
#.######..............


You could see an orc wizard (fast) and an orc.

Vanquished Creatures
  An adder (D:3)
  An ooze (D:1)
  2 dart slugs (D:1)
  2 leopard geckos
  2 orcs (D:3)
  5 bats
  6 goblins
  10 hobgoblins
  9 jackals (D:2)
  2 ball pythons
  4 frilled lizards
  6 kobolds
  5 rats
55 creatures vanquished.

Notes
Turn   | Place    | Note
-------+----------+-------------------------------------------
     0 | D:1      | DildoBatman the Formicid Wizard began the quest for the
                  | Orb.
     0 | D:1      | Reached XP level 1. HP: 13/13 MP: 4/4
    27 | D:1      | Reached skill level 1 in Conjurations
   284 | D:1      | Reached XP level 2. HP: 19/19 MP: 4/6
   686 | D:1      | Reached XP level 3. HP: 21/24 MP: 0/7
   691 | D:1      | Learned a level 3 spell: Conjure Flame
   695 | D:1      | Learned a level 3 spell: Mephitic Cloud
  1398 | D:2      | Found a faded altar of an unknown god.
  1398 | D:2      | Found a snail-covered altar of Cheibriados.
  1403 | D:2      | Found an ancient bone altar of Kikubaaqudgha.
  1405 | D:2      | Found a faded altar of an unknown god.
  1407 | D:2      | Found an iron altar of Okawaru.
  1411 | D:2      | Became a worshipper of Kikubaaqudgha
  1662 | D:2      | Found a shimmering blue altar of Sif Muna.
  1663 | D:2      | Found a shattered altar of Ashenzari.
  1665 | D:2      | Found a stormy altar of Qazlal.
  1665 | D:2      | Found a hazy altar of Hepliaklqana.
  1912 | D:2      | Reached XP level 4. HP: 28/30 MP: 6/8
  1973 | D:2      | Reached * piety under Kikubaaqudgha
  1973 | D:2      | Identified Kikubaaqudgha's Tome of Necromancy
                  | (Kikubaaqudgha gifted it to you on level 2 of the Dungeon)
  1973 | D:2      | Received a gift from Kikubaaqudgha
  2545 | D:3      | Killed from afar by an orc wizard

Illustrated notes

Levels and vault maps discovered:
D:1:      shiori_arrival_elements, layout_basic
D:2:      layout_loops_ring, nicolae_overflow_hidden_temple,
          chequers_temple_overflow_minitemple
D:3:      layout_loops_ring, grunt_temple_overflow_champion_of_chaos,
          zin_treasury, serial_bayou_lagoon_a, tgw_xom, uniq_ijyb

Skill      XL: |  1  2  3 |
---------------+----------+-----
Conjurations   | 1 2 3 |  3.7
Dodging        | |  1.7
Stealth        | |  2.4
Spellcasting   | |  3.2
Summonings     | |  1.0
Translocations | |  0.8

Action                   |  1- 3 |  4- 6 || total
-------------------------+-------+-------++-------
Melee: Unarmed           |     1 |       ||     1
       Club              |    12 |    28 ||    40
Throw: Stone             |     9 |    14 ||    23
 Cast: Magic Dart        |    87 |    41 ||   128
 Abil: Dig               |     2 |     1 ||     3
  Eat: Chunk             |     3 |     2 ||     5
Armor: Robe              |    10 |    15 ||    25
Dodge: Dodged            |    20 |    41 ||    61
